 Dungeon Crawl Stone Soup version 0.31-a0-988-g08d55dae12 (webtiles) character file.

Game seed: 5517106702835355794

42 Conn the Sneak (level 3, -1/21 HPs)
             Began as an Octopode Fire Elementalist on Nov 4, 2023.
             Slain by a worm (10 damage)
             ... on level 2 of the Dungeon.
             The game lasted 00:01:47 (1399 turns).

Conn the Sneak (Octopode Fire Elementalist)         Turns: 1399, Time: 00:01:47

Health: -1/21      AC:  1    Str:  7    XL:     3   Next: 56%
Magic:  6/6        EV: 13    Int: 19    God:
Gold:   84         SH:  0    Dex: 12    Spells: 0/6 levels left

rFire   . . .        e - +0 short sword
rCold   . . .        (no shield)
rNeg    . . .        (helmet restricted)
rPois   .            (no amulet)
rElec   .            h - ring of willpower
rCorr   .            (no ring)
SInv    .            (no ring)
Will    +....        (no ring)
Stlth   +++          (no ring)
HPRegen 0.23/turn    (no ring)
MPRegen 0.10/turn    (no ring)
                     (no ring)

%: no passive effects
@: no status effects
A: almost no armour, amphibious, 8 rings, camouflage 1, gelatinous body 1,
(nimble swimmer 1), tentacles
a: no special abilities


You were on level 2 of the Dungeon.
You visited 1 branch of the dungeon, and saw 2 of its levels.

You collected 84 gold pieces.

Inventory:

Hand Weapons
 e - a +0 short sword (weapon)
Jewellery
 h - a ring of willpower (left tentacle)
Talismans
 f - a dragon-blood talisman
Scrolls
 c - 3 scrolls of identify {unknown}
 g - a scroll of teleportation {unknown}
Potions
 a - a potion of magic
 b - a potion of mutation {unknown}
 d - a potion of haste {unknown}
 i - a potion of heal wounds {unknown}


   Skills:
 + Level 2.4 Dodging
 + Level 3.3 Stealth
 * Level 2.3 Spellcasting
 * Level 1.6 Conjurations
 + Level 0.2 Hexes
 + Level 3.2 Fire Magic


You couldn't memorise any spells.
You knew the following spells:

 Your Spells              Type           Power      Damage    Failure   Level
a - Foxfire               Conj/Fire      44%        2x1d6     6%          1
b - Scorch                Fire           28%        2d6       6%          2
c - Inner Flame           Hex/Fire       8%         N/A       24%         3

Your spell library contained the following spells:

 Spells                   Type           Power      Damage    Failure   Level
 Poisonous Vapours        Pois/Air       4%         N/A       24%         2
 Volatile Blastmotes      Fire/Tloc      16%        2d11      26%         3
 Mephitic Cloud           Conj/Pois/Air  4%         N/A       36%         3
 Flame Wave               Conj/Fire      11%        2d6       52%         4
 Freezing Cloud           Conj/Ice/Air   2%         6-21      98%         5
 Yara's Violent Unravell  Hex/Tmut       1%         3d3       99%         5
 Enfeeble                 Hex            1%         N/A       100%        7


Dungeon Overview and Level Annotations

Branches:
Dungeon (2/15)

Altars:


Innate Abilities, Weirdness & Mutations

You cannot wear most types of armour.
You are amphibious.
You can wear up to eight rings at the same time.
Your skin changes colour to match your surroundings (Stealth+).
Your rubbery body absorbs attacks. (AC +1, EV +1)
((You are camouflaged when in or above water. (Stealth+)))
You have tentacles for arms and can constrict up to eight enemies at once.


Message History

Casting: Foxfire (safe; 6% risk of failure)
Confirm with . or Enter, or press ? or * to list all spells.
You conjure some foxfire!
The foxfire hits the bat.
You kill the bat!
Unknown command.
Your foxfire dissipates!
Your foxfire dissipates! x2
i - a glowing pink potion
c - 3 scrolls labelled XIENAO SUHECEE (gained 2)
You open the door.
There is an open door here.
You now have 77 gold pieces (gained 7).
As you open the door, it creaks loudly!
There is an open door here.
There is an open door here.
You now have 84 gold pieces (gained 7).
You open the door.
There is an open door here.
A giant cockroach comes into view.
Found a club.
The helpless giant cockroach fails to defend itself.
You puncture the giant cockroach!
You kill the giant cockroach!
You see here a giant cockroach corpse.
You see here a +0 club.
A worm comes into view.
You hit the worm. You grab the worm. You squeeze the worm.
The worm is heavily wounded.
You constrict the worm. The worm bites you.
You hit the worm.
The worm is heavily wounded.
You constrict the worm, but do no damage.
You hit the worm.
The worm is severely wounded.
You constrict the worm, but do no damage.
The worm bites you!
You hit the worm.
The worm is almost dead.
You constrict the worm. The worm bites you!
You die...

#.# #........# #.#
#...###### #.# #####
#.# #.# #.# #.#
#.##################
#...........@w......
####################


You could see a worm.

Vanquished Creatures
  5 dart slugs
  2 endoplasms (D:1)
  3 giant cockroaches
  2 goblins (D:1)
  7 hobgoblins
  3 kobolds
  A quokka (D:1)
  A ball python (D:1)
  2 bats
  A frilled lizard (D:1)
  2 rats (D:1)
29 creatures vanquished.

Vanquished Creatures (others)
  75 foxfires
75 creatures vanquished.

Grand Total: 104 creatures vanquished

Notes
Turn   | Place    | Note
-------+----------+-------------------------------------------
     0 | D:1      | Conn the Octopode Fire Elementalist began the quest for the
                  | Orb.
     0 | D:1      | Reached XP level 1. HP: 11/11 MP: 3/3
   314 | D:1      | Reached XP level 2. HP: 17/17 MP: 1/5
   880 | D:1      | Reached XP level 3. HP: 20/21 MP: 6/6
   883 | D:1      | Learned a level 2 spell: Scorch
   887 | D:1      | Learned a level 3 spell: Inner Flame
  1399 | D:2      | Slain by a worm

Illustrated notes

Levels and vault maps discovered:
D:1:      saegor_arrival_simple_b, layout_basic
D:2:      layout_basic

Skill      XL: |  1  2 |
---------------+-------+-----
Stealth        | 3 |  3.3
Dodging        | |  2.4
Spellcasting   | |  2.3
Conjurations   | |  1.6
Hexes          | |  0.2
Fire Magic     | |  3.2

Action                     || total
---------------------------++-------
  Melee: Unarmed           ||     2
         Constrict         ||    10
         Tentacles         ||     7
         Short sword       ||    25
         Punch             ||     1
   Cast: Foxfire           ||    43
   Stab: Sleeping          ||     3
 Armour: Skin              ||    15
  Dodge: Dodged            ||    16

Table legend: (Time is in decaauts)
 A = Elapsed time spent in this place.
 B = Non-inter-level travel time spent in this place.
 C = Inter-level travel time spent in this place.
 D = Time resting spent in this place.
 E = Time spent auto-exploring this place.
 F = Levels seen in this place.
 G = Mean time per level.
                   A        B        C        D        E       F      G
               +--------+--------+--------+--------+--------+-----+--------+
         Total |   1398 |   1385 |     13 |     24 |   1082 |   2 |  699.0 |
       Dungeon |   1398 |   1385 |     13 |     24 |   1082 |   2 |  699.0 |
               +--------+--------+--------+--------+--------+-----+--------+

Top non-repeatable levels by time:
     D:1: 1024 daAuts
     D:2: 374 daAuts
